 Dungeon Crawl Stone Soup version 0.29.1-2-gbd0b4ee654 (webtiles) character file.

Game seed: 8490963955613413989

614 GorkyZ the Shield-Bearer (level 7, -3/44 HPs)
             Began as a Gargoyle Fighter on Nov 28, 2022.
             Killed by an exploding butterfly (31 damage)
             ... ignited by their inner flame
             ... on level 5 of the Dungeon.
             The game lasted 00:10:01 (4454 turns).

GorkyZ the Shield-Bearer (Gargoyle Fighter)         Turns: 4454, Time: 00:10:02

Health: -3/44      AC: 16    Str: 21    XL:     7   Next: 44%
Magic:  7/7        EV: 10    Int:  9    God:
Gold:   213        SH:  4    Dex:  9    Spells: 6/6 levels left

rFire   . . .      SeeInvis .   B - +2 spear (pain)
rCold   . . .      Faith    .   c - +0 buckler
rNeg    + . .      Spirit   .   b - +0 scale mail
rPois   ∞          Reflect  .   x - +0 helmet
rElec   +          Harm     .   q - +0 cloak
rCorr   .          Rampage  .   g - +0 pair of gloves
Will    .....                   n - +0 pair of boots
Stlth   ..........              (no amulet)
HPRegen 0.14/turn               (no ring)
MPRegen 0.10/turn               (no ring)

@: about to teleport
A: sickness immunity, AC +4, negative energy resistance 1, electricity
resistance, torment resistance 1, petrification resistance
a: no special abilities


You were on level 5 of the Dungeon.
You visited 1 branch of the dungeon, and saw 5 of its levels.

You collected 213 gold pieces.

Inventory:

Hand Weapons
 a - a +1 war axe
 k - a +2 spear of flaming
 B - a +2 spear of pain (weapon)
Missiles
 l - 5 boomerangs (quivered)
 v - 5 poisoned darts
 C - a throwing net
Armour
 b - a +0 scale mail (worn)
 c - a +0 buckler (worn)
 g - a +0 pair of gloves (worn)
 n - a +0 pair of boots (worn)
 q - a +0 cloak (worn)
 r - a +0 leather armour
 x - a +0 helmet (worn)
Jewellery
 h - an amulet of magic regeneration
 w - a +6 ring of strength
 F - the ring "Igit" {Dex+3 SInv}
   (You found it on level 4 of the Dungeon)

   [ring of see invisible]

   Dex:       It affects your dexterity (+3).
   SInv:      It lets you see invisible.
Scrolls
 j - 3 scrolls of blinking
 s - 2 scrolls of identify
 u - a scroll of teleportation
 y - a scroll of poison
 A - a scroll of amnesia {unknown}
 D - 2 scrolls of torment {unknown}
 E - a scroll of magic mapping {unknown}
 G - a scroll of vulnerability {unknown}
Potions
 d - 2 potions of might
 f - 2 potions of degeneration
 i - 3 potions of cancellation {unknown}
 p - a potion of magic {unknown}
 t - a potion of curing {unknown}
 z - a potion of attraction {unknown}
 H - a potion of mutation {unknown}
 I - a potion of haste


   Skills:
 + Level 4.6 Fighting
 + Level 3.1 Axes
 + Level 2.1 Throwing
 + Level 4.5 Armour
 + Level 2.2 Dodging
 + Level 4.7 Shields
 + Level 2.4 Evocations


You had 6 spell levels left.
You didn't know any spells.
Your spell library contained the following spells:

 Spells                   Type           Power      Damage    Failure   Level
 Inner Flame              Hex/Fire       0%         N/A       99%         3
 Cause Fear               Hex            0%         N/A       100%        4
 Petrify                  Tmut/Erth      0%         N/A       100%        4
 Metabolic Englaciation   Hex/Ice        0%         N/A       100%        5
 Discord                  Hex            0%         N/A       100%        8
 Statue Form              Tmut/Erth      Unusable   N/A       N/A         6

Dungeon Overview and Level Annotations

Branches:
Dungeon (5/15)
 Temple: D:4-7

Altars:
Ashenzari
Kikubaaqudgha
Sif Muna
Trog
Yredelemnul


Innate Abilities, Weirdness & Mutations

You are immune to sickness and miasma.
Your stone body is resilient. (AC +4)
You are immune to poison.
You resist negative energy. (rN+)
You are resistant to electric shocks. (rElec)
You are resistant to unholy torment.
You are immune to petrification.


Message History

Blink to where?
Press: ? - help, Dir - move target, f - you, p - butterfly Are you sure you want to cancel this blink? [Y]es or [N]o only, please.
Are you sure you want to cancel this blink?
Okay, then.
As you read the scroll labelled XUNIAF EMNOO, it crumbles to dust.
It was a scroll of blinking.
As you read the scroll labelled NUFAWU LYUD, it crumbles to dust.
The creatures around you are filled with an inner flame!
It was a scroll of immolation.
As you read the scroll labelled JEOTYO INTUE, it crumbles to dust.
It is a scroll of enchant weapon.
Your +0 war axe glows red for a moment.
As you read the scroll labelled XOXEUDW MEAGAEXI, it crumbles to dust.
It is a scroll of identify.
f - 2 potions of degeneration
As you read the scroll labelled IGIEK PYSEEKK, it crumbles to dust.
You feel strangely unstable.
It was a scroll of teleportation.
The air fills with toxic fumes!
As you read the scroll labelled AKODEY COSYDD, it crumbles to dust.
It was a scroll of poison.
Your butterfly is engulfed in poison gas.
Your butterfly is poisoned.
Your butterfly disappears in a burst of colours!
Your butterfly explodes!
The fiery explosion engulfs your butterfly!!
Your butterfly disappears in a burst of colours!
Your butterfly explodes!
The fiery explosion engulfs your butterfly!
Your butterfly disappears in a burst of colours!
The fiery explosion engulfs your butterfly!
Your butterfly disappears in a burst of colours!
The fiery explosion engulfs your butterfly!!
Your butterfly disappears in a burst of colours!
The fiery explosion engulfs you!
Your butterfly explodes!
The fiery explosion engulfs you!!
Ouch! That really hurt!
You die...

### §§# #§#
#§#
#####§###§#
§##bb§§§§§§#
§§§.b§§@#
###§#####


There were no monsters in sight!

Vanquished Creatures
  The ghost of kalagan the Conjurer, an amateur DECj (D:4)
  A necrophage (D:4)
  A bullfrog (D:4)
  2 howler monkeys
  A hound (D:4)
  An orc priest (D:4)
  A jelly (D:4)
  Jessica (D:3)
  2 orc wizards (D:4)
  Robin (D:2)
  6 adders
  2 ufetubi (D:4)
  2 worms (D:3)
  2 dart slugs (D:2)
  10 orcs
  5 bats
  4 endoplasms
  4 giant cockroaches
  15 goblins
  8 hobgoblins
  3 jackals (D:4)
  5 quokkas
  4 ball pythons
  2 frilled lizards
  8 kobolds
  2 rats
94 creatures vanquished.

Notes
Turn   | Place    | Note
-------+----------+-------------------------------------------
     0 | D:1      | GorkyZ the Gargoyle Fighter began the quest for the Orb.
     0 | D:1      | Reached XP level 1. HP: 14/14 MP: 1/1
   555 | D:1      | Reached XP level 2. HP: 19/19 MP: 2/2
  1365 | D:2      | Reached XP level 3. HP: 23/23 MP: 3/3
  1592 | D:2      | Noticed Robin
  1600 | D:2      | Reached skill level 1 in Evocations
  1604 | D:2      | Killed Robin
  1605 | D:2      | Reached XP level 4. HP: 17/28 MP: 4/4
  2076 | D:2      | Reached skill level 1 in Dodging
  2336 | D:3      | Reached skill level 1 in Throwing
  2336 | D:3      | Reached XP level 5. HP: 33/33 MP: 5/5
  2709 | D:3      | Noticed Jessica
  2713 | D:3      | Killed Jessica
  2774 | D:3      | Found a basalt altar of Yredelemnul.
  2862 | D:3      | Found a shimmering blue altar of Sif Muna.
  3255 | D:4      | Reached XP level 6. HP: 38/38 MP: 6/6
  3576 | D:4      | Found a runed translucent gate.
  3576 | D:4      | Noticed kalagan's ghost (amateur DECj)
  3577 | D:4      | Found a runed translucent gate.
  3577 | D:4      | Found a runed translucent gate.
  3630 | D:4      | Found a broken altar of Ashenzari.
  3817 | D:4      | Identified the ring "Igit" {Dex+3 SInv}
  3892 | D:4      | Found a bloodstained altar of Trog.
  3892 | D:4      | Found an ancient bone altar of Kikubaaqudgha.
  4271 | D:4      | Reached XP level 7. HP: 40/44 MP: 7/7
  4314 | D:4      | Killed kalagan's ghost
  4447 | D:5      | Entered Level 5 of the Dungeon
  4454 | D:5      | Killed by an exploding butterfly... ignited by their inner
                  | flame

Illustrated notes

Levels and vault maps discovered:
D:1:      saegor_arrival_fortress, layout_loops_corners
D:2:      layout_basic, uniq_robin
D:3:      layout_basic, yredelemnul_altar_generic,
          mainiacjoe_overflow_concentric_impassable, uniq_jessica
D:4:      layout_rooms, amcnicky_altar_gilded,
          gammafunk_temple_overflow_elements, gammafunk_ghost_split,
          interstate_on_off, minivault_5
D:5:      layout_loops_corners, zin_angel

Skill      XL: |  1  2  3  4  5  6  7 |
---------------+----------------------+-----
Axes           | 2 3 |  3.1
Evocations     | 1 2 |  2.4
Dodging        | 1 2 |  2.2
Throwing       | 1 2 |  2.1
Shields        | 4 |  4.7
Fighting       | 4 |  4.6
Armour         | 4 |  4.5

Action                   |  1- 3 |  4- 6 |  7- 9 || total
-------------------------+-------+-------+-------++-------
Melee: War axe           |    27 |     3 |       ||    30
       Spear             |    24 |   237 |    86 ||   347
  Use: Scroll            |       |       |     7 ||     7
Armor: Scale mail        |    50 |   140 |    46 ||   236
Dodge: Dodged            |    29 |    83 |    20 ||   132
Block: Buckler           |    12 |    34 |    11 ||    57
